 Dungeon Crawl Stone Soup version 0.22-a0-355-g201945f (webtiles) character file.

8856 galech the Grappler (level 11, -10/113 HPs)
             Began as a Troll Monk on Apr 17, 2018.
             Was a High Priest of Okawaru.
             Mangled by an ice devil (18 damage)
             ... summoned by an orc high priest
             ... on level 2 of the Orcish Mines.
             The game lasted 00:15:18 (9312 turns).

galech the Grappler (Troll Monk)                    Turns: 9312, Time: 00:15:19

Health: -10/113    AC: -1    Str: 24    XL:     11   Next: 15%
Magic:  8/10       EV: 19    Int:  6    God:    Okawaru [*****.]
Gold:   1016       SH:  0    Dex: 17    Spells: 10/10 levels left

rFire    . . .     SeeInvis .     - Unarmed
rCold    . . .     Gourm    +   (no shield)
rNeg     . . .     Faith    +   Q - +0 troll leather armour
rPois    .         Spirit   .   (helmet restricted)
rElec    .         Reflect  .   O - +1 cloak {MR+}
rCorr    .         Harm     .   (gloves unavailable)
MR       +....                  (boots unavailable)
Stlth    +++.......             j - amulet of faith
HPRegen  1.08/turn              C - +4 ring of protection
MPRegen  0.12/turn              A - +5 ring of dexterity

@: heroism, corroded
A: large, unfitting armour, claws 3, fast metabolism 3, gourmand, regeneration
1, shaggy fur 1, tough skin 2
a: Heroism, Finesse, Renounce Religion


You were on level 2 of the Orcish Mines.
You worshipped Okawaru.
Okawaru was extremely pleased with you.
You were completely stuffed.

You visited 3 branches of the dungeon, and saw 13 of its levels.
You also visited: Ossuary.

You collected 1016 gold pieces.

Inventory:

Armour
 a - a +0 robe
 O - a +1 cloak of magic resistance (worn)
 Q - a +0 troll leather armour (worn)
Jewellery
 f - an uncursed amulet of rage
 j - an amulet of faith (around neck)
 l - an uncursed ring of protection from magic
 y - an uncursed ring of flight
 z - an uncursed ring of wizardry
 A - a +5 ring of dexterity (right claw)
 C - a +4 ring of protection (left claw)
 H - the ring "Tutt" {rElec rN+ Str+2 Int+4 Slay-5}
   (You took it off an orc on level 5 of the Dungeon)

   [ring of strength]

   It affects your strength (+2).
   It affects your intelligence (+4).
   It affects your accuracy and damage with ranged weapons and melee attacks
   (-5).
   It insulates you from electricity.
   It protects you from negative energy.
Wands
 w - a wand of disintegration (33)
 B - a wand of flame (39)
 E - a wand of polymorph (5)
 I - a wand of digging (7)
 K - a wand of clouds (4)
 N - a wand of enslavement (14)
Scrolls
 c - 3 scrolls of enchant weapon
 d - 4 scrolls of amnesia
 e - 6 scrolls of blinking
 g - 2 scrolls of immolation
 i - a scroll of noise
 k - 3 scrolls of teleportation
 m - 5 scrolls of enchant armour
 o - 4 scrolls of magic mapping
 r - 7 scrolls of remove curse
 D - 2 scrolls of silence
 L - 2 scrolls of fear
 M - a scroll of fog
Potions
 h - 2 potions of agility
 n - 2 potions of berserk rage
 p - 5 potions of flight {unknown}
 q - 2 potions of resistance {unknown}
 s - 4 potions of brilliance {unknown}
 t - 2 potions of might
 u - 2 potions of ambrosia {unknown}
 v - 3 potions of magic {unknown}
 x - 2 potions of lignification {unknown}
 F - 4 potions of curing {unknown}
 G - a potion of mutation {unknown}
 J - 4 potions of haste {unknown}
 P - 6 potions of degeneration
Comestibles
 b - 18 rations
 R - 17 chunks of flesh


   Skills:
 + Level 8.9(13.9) Fighting
 + Level 1.4(6.4) Armour
 + Level 8.8(13.8) Dodging
 - Level 1.0(6.0) Stealth
 + Level 10.4(15.4) Unarmed Combat


You had 10 spell levels left.
You didn't know any spells.

Dungeon Overview and Level Annotations

Branches:
Dungeon (10/15)            Temple (1/1) D:7             Orc (2/2) D:10
   Lair: D:8-11         Elf: Orc:2

Altars:
Ashenzari
Cheibriados
Dithmenos
Elyvilon
Fedhas
Gozag
Hepliaklqana
Kikubaaqudgha
Makhleb
Nemelex Xobeh
Okawaru
Ru
Sif Muna
Trog
Vehumet
Wu Jian
Xom
Zin
The Shining One

Shops:
D:6 *


Innate Abilities, Weirdness & Mutations

You are too large for most types of armour.
You have claws for hands.
Your metabolism is lightning-fast.
You like to eat raw meat.
Your natural rate of healing is unusually fast.
You are covered in fur. (AC +1)
You have very tough skin. (AC +2)


Message History

You scratch the orc high priest but do no damage.
The orc high priest is severely wounded.
The orc high priest hits you with a flail.
* * * LOW HITPOINT WARNING * * *
The ice devil closely misses you. The rust devil hits you.
* * * LOW HITPOINT WARNING * * *
The rust devil corrodes you!
You claw the orc high priest!
The orc high priest is almost dead.
The ice devil hits you.
* * * LOW HITPOINT WARNING * * *
The ice devil freezes you!
* * * LOW HITPOINT WARNING * * *
The orc high priest completely misses you.
The rust devil misses you.
You gain the combat prowess of a mighty hero.
The ice devil hits you.
* * * LOW HITPOINT WARNING * * *
The ice devil freezes you!!
You die...

...# #..........####..........#
....##............#..........##
............................##
.....)))................##.##
..........#.............#.##
#.........##............##
#.......#.####.........##
##....##### #.#4.....## ##..##
###@4....# #.. ##o...## #..
###)##...# ### ##....#..##
##.###o...#....##
##...o.#...##....#
#......o.........#
######.....#........##
......................#


You could see an orc high priest, an ice devil and a rust devil.

Vanquished Creatures
  The ghost of galech the Grappler, a journeyman TrMo of Okawaru (D:5)
  A two-headed ogre (D:10)
  The ghost of Totori the Spear-Bearer, a novice DsWn of Hepliaklqana (D:6)
  Maurice (D:10)
  Psyche (D:9)
  A troll (D:10)
  A hippogriff (D:7)
  4 yaks
  2 hungry ghosts (D:10)
  A warg (Orc:2)
  A water moccasin (D:6)
  A swamp drake (D:10)
  8 orc warriors
  A sky beast (D:6)
  A black bear (D:9)
  10 ogres
  A phantom (D:6)
  3 centaurs
  6 bullfrogs
  A scorpion (D:6)
  7 killer bees
  2 howler monkeys
  3 crimson imps
  2 centaur zombies (D:6)
  A quasit (D:6)
  A centaur skeleton (D:6)
  7 hounds
  2 jellies
  16 orc priests
  7 orc wizards
  A bullfrog skeleton (D:4)
  2 iguanas
  6 worker ants
  A hound skeleton (D:6)
  12 mummies (Ossuary)
  A worker ant zombie (D:7)
  7 gnolls
  A howler monkey skeleton (D:4)
  13 adders
  2 shadow imps
  3 adder skeletons
  An adder zombie (D:6)
  3 worms
  2 dart slugs (D:1)
  6 leopard geckos
  50 orcs
  2 bat zombies (D:1)
  A giant cockroach (D:1)
  6 goblins
  5 hobgoblins
  18 jackals
  12 kobolds
  9 quokkas
  A ball python (D:8)
  9 bats
  4 frilled lizards
  3 gnoll skeletons (Ossuary)
  2 goblin skeletons (Ossuary)
  A jackal skeleton (D:5)
  3 orc skeletons (Ossuary)
  5 rats
  11 rat skeletons (Ossuary)
298 creatures vanquished.

Notes
Turn   | Place    | Note
-------+----------+-------------------------------------------
     0 | D:1      | galech the Troll Monk began the quest for the Orb.
     0 | D:1      | Reached XP level 1. HP: 22/22 MP: 0/0
    61 | D:1      | Reached XP level 2. HP: 29/29 MP: 1/1
   238 | D:1      | Reached XP level 3. HP: 34/37 MP: 2/2
   929 | D:2      | Reached XP level 4. HP: 32/45 MP: 3/3
  1667 | D:3      | Reached skill level 4 in Unarmed Combat
  1943 | D:3      | Reached XP level 5. HP: 45/53 MP: 4/4
  2309 | D:4      | Noticed an ogre
  2319 | D:4      | Killed an ogre
  2319 | D:4      | Reached XP level 6. HP: 38/62 MP: 5/5
  2583 | D:4      | Reached skill level 5 in Unarmed Combat
  2583 | D:4      | Reached XP level 7. HP: 60/71 MP: 6/6
  2894 | D:5      | Entered Level 5 of the Dungeon
  3069 | D:5      | Found a shimmering altar of Xom.
  3375 | D:5      | Noticed galech's ghost (journeyman TrMo)
  3430 | D:6      | Reached skill level 5 in Fighting
  3442 | D:6      | Reached skill level 6 in Unarmed Combat
  3534 | D:6      | Reached skill level 5 in Dodging
  3534 | D:6      | Reached XP level 8. HP: 64/80 MP: 7/7
  3566 | D:6      | Noticed Totori's ghost (novice DsWn)
  3985 | D:6      | Found a snail-covered altar of Cheibriados.
  3985 | D:6      | Found a hazy altar of Hepliaklqana.
  3996 | D:6      | Found a glowing golden altar of the Shining One.
  4178 | D:6      | Reached skill level 7 in Unarmed Combat
  4285 | D:6      | Found Duddevve's Assorted Antiques.
  4471 | D:6      | Killed Totori's ghost
  4471 | D:6      | Reached XP level 9. HP: 71/92 MP: 8/8
  4855 | D:7      | Found a staircase to the Ecumenical Temple.
  4863 | Temple   | Entered the Ecumenical Temple
  4901 | Temple   | Became a worshipper of Warmaster Okawaru
  4901 | Temple   | Reached * piety under Okawaru
  4901 | Temple   | Reached ** piety under Okawaru
  5266 | D:5      | Killed galech's ghost
  5266 | D:5      | Reached skill level 8 in Unarmed Combat
  5300 | D:5      | Got a faintly glowing platinum ring
  5578 | D:7      | Reached *** piety under Okawaru
  5818 | D:7      | Found a shimmering altar of Xom.
  6060 | D:8      | Found a sand-covered staircase.
  6074 | Ossuary  | Entered an ossuary
  6350 | D:8      | Reached XP level 10. HP: 102/102 MP: 9/9
  6423 | D:8      | Found a shattered altar of Ashenzari.
  6433 | D:8      | Reached **** piety under Okawaru
  6433 | D:8      | Reached skill level 9 in Unarmed Combat
  6589 | D:8      | Identified the ring "Tutt" {rElec rN+ Str+2 Int+4 Slay-5} (You took it off an orc on level 5 of the Dungeon)
  7429 | D:9      | Noticed Psyche
  7433 | D:9      | Killed Psyche
  8065 | D:10     | Entered Level 10 of the Dungeon
  8156 | D:10     | Noticed a two-headed ogre
  8163 | D:10     | Killed a two-headed ogre
  8163 | D:10     | Reached skill level 10 in Unarmed Combat
  8181 | D:10     | Found a staircase to the Orcish Mines.
  8193 | D:10     | Reached ***** piety under Okawaru
  8294 | D:10     | Received a gift from Okawaru
  8475 | D:10     | Noticed Maurice
  8859 | D:10     | Killed Maurice
  8859 | D:10     | Reached XP level 11. HP: 96/113 MP: 10/10
  8919 | Orc:1    | Entered Level 1 of the Orcish Mines
  8950 | Orc:1    | Reached skill level 1 in Armour
  9041 | Orc:2    | Entered Level 2 of the Orcish Mines
  9252 | Orc:2    | Noticed an orc high priest
  9286 | Orc:2    | Noticed an orc high priest
  9312 | Orc:2    | Mangled by an ice devil

Vault maps used:
D:1:      saegor_arrival_fortress
D:2:      minmay_tetromino_t2
D:3:      first_ration
D:5:      basic_altar, cheibrodos_gnoll_hut
D:6:      gammafunk_temple_overflow_forgotten, serial_shops, shop
D:7:      minmay_temple_entry_statues, basic_altar
D:8:      old_standard_altar, nicolae_ossuary_entry_ruins
D:9:      uniq_psyche
D:10:     erik_orc_1, uniq_maurice
Temple:   compressed_dpeg_circular_temple
Orc:2:    st_orc_town, okawaru_metal_pillars_1_2
Ossuary:  ossuary_due_small_catacomb

Skill      XL: |  1  2  3  4  5  6  7  8  9 10 11 |
---------------+----------------------------------+-----
Fighting       | 3 4 5 6 7 8 |  8.9
Dodging        | 3 4 5 6 7 8 |  8.8
Unarmed Combat | 4 5 6 7 8 10 | 10.4
Armour         | 1 |  1.4
Stealth        | |  1.0

Action                   |  1- 3 |  4- 6 |  7- 9 | 10-12 || total
-------------------------+-------+-------+-------+-------++-------
Melee: Unarmed           |   102 |   134 |   330 |   326 ||   892
       Punch             |     1 |     3 |    18 |    28 ||    50
Invok: Heroism           |       |       |     1 |     1 ||     2
  Use: Scroll            |       |       |       |    15 ||    15
 Stab: Sleeping          |     1 |     2 |     8 |     1 ||    12
  Eat: Chunk             |    14 |    15 |    34 |    41 ||   104
Armor: Robe              |    41 |    36 |    84 |    43 ||   204
       Troll leather arm |       |       |       |    50 ||    50
Dodge: Dodged            |    70 |    84 |   170 |   235 ||   559

Table legend:
 A = Spawn XP
 B = Non-spawn XP
 C = Spawn XP percentage of total XP
 D = Spawn monster count
 E = Non-spawn monster count
 F = Spawn count percentage of total count
 G = Total turns spent on level
                    A         B        C        D         E        F      G
               +---------+---------+-------+---------+---------+-------+---------
         Total |       0 |   12652 |   0.0 |       0 |     298 |   0.0 |  9312
               +---------+---------+-------+---------+---------+-------+---------
           D:1 |       0 |      48 |   0.0 |       0 |      24 |   0.0 |   791
           D:2 |       0 |      77 |   0.0 |       0 |      22 |   0.0 |   447
           D:3 |       0 |      74 |   0.0 |       0 |      18 |   0.0 |   948
           D:4 |       0 |     552 |   0.0 |       0 |      15 |   0.0 |   708
           D:5 |       0 |    1684 |   0.0 |       0 |      24 |   0.0 |  1004
           D:6 |       0 |    1889 |   0.0 |       0 |      31 |   0.0 |  1156
           D:7 |       0 |     559 |   0.0 |       0 |      23 |   0.0 |   879
           D:8 |       0 |    1822 |   0.0 |       0 |      27 |   0.0 |  1045
           D:9 |       0 |    1303 |   0.0 |       0 |      17 |   0.0 |   744
          D:10 |       0 |    2961 |   0.0 |       0 |      33 |   0.0 |   854
         Orc:1 |       0 |     402 |   0.0 |       0 |       9 |   0.0 |   122
         Orc:2 |       0 |    1048 |   0.0 |       0 |      24 |   0.0 |   271
       Ossuary |       0 |     233 |   0.0 |       0 |      31 |   0.0 |   268
               +---------+---------+-------+---------+---------+-------+---------
